 Dungeon Crawl Stone Soup version 0.28.0-53-g5a82cb258f (webtiles) character file.

Game seed: 11874559237332412521

65 Logoto the Conjurer (level 3, -1/28 HPs)
             Began as a Draconian Conjurer on Aug 3, 2022.
             Slain by a black bear (4 damage)
             ... on level 3 of the Dungeon.
             The game lasted 00:06:26 (2317 turns).

Logoto the Conjurer (Draconian Conjurer)            Turns: 2317, Time: 00:06:26

Health: -1/28      AC:  7    Str: 11    XL:     3   Next: 94%
Magic:  0/6        EV: 12    Int: 18    God:
Gold:   37         SH:  0    Dex:  9    Spells: 3/6 levels left

rFire   . . .      SeeInvis .   b - +0 dagger
rCold   . . .      Faith    .   (no shield)
rNeg    + . .      Spirit   .   (armour unavailable)
rPois   .          Reflect  .   (helmet restricted)
rElec   .          Harm     .   a - +0 cloak
rCorr   +          Rampage  .   (no gloves)
Will    .....                   i - +0 pair of boots
Stlth   ++........              (no amulet)
HPRegen 0.09/turn               d - ring of positive energy
MPRegen 0.10/turn               f - ring of resist corrosion

@: no status effects
A: AC +5, unfitting armour, cold-blooded
a: no special abilities


You were on level 3 of the Dungeon.
You visited 1 branch of the dungeon, and saw 4 of its levels.

You collected 37 gold pieces.

Inventory:

Hand Weapons
 b - a +0 dagger (weapon)
Armour
 a - a +0 cloak (worn)
 i - a +0 pair of boots (worn)
Jewellery
 d - a ring of positive energy (left hand)
 f - a ring of resist corrosion (right hand)
Scrolls
 e - a scroll of enchant armour {unknown}
 g - a scroll of immolation {unknown}
 j - a scroll of teleportation {unknown}
 l - a scroll of amnesia {unknown}
Potions
 c - a potion of brilliance {unknown}
 h - a potion of haste {unknown}
 k - a potion of mutation {unknown}
 m - a potion of flight {unknown}


   Skills:
 * Level 1.6 Fighting
 + Level 0.8 Short Blades
 + Level 2.3 Dodging
 + Level 1.9 Stealth
 - Level 0.4 Unarmed Combat
 * Level 2.4 Spellcasting
 + Level 4.3 Conjurations


You had 3 spell levels left.
You knew the following spells:

 Your Spells              Type           Power      Damage    Failure   Level
a - Magic Dart            Conj           68%        1d6       3%          1
b - Searing Ray           Conj           34%        2d5       4%          2

Your spell library contained the following spells:

 Spells                   Type           Power      Damage    Failure   Level
 Dazzling Flash           Conj/Hex       18%        N/A       22%         3
 Fulminant Prism          Conj/Hex       4%         3d6       56%         4
 Iskenderun's Mystic Bla  Conj/Tloc      9%         2d4       56%         4


Dungeon Overview and Level Annotations

Branches:
Dungeon (4/15)
 Temple: D:4-7

Altars:

Shops:
D:3 [


Innate Abilities, Weirdness & Mutations

Your plain brown scales are hard. (AC +5)
You cannot fit into any form of body armour.
You are cold-blooded and may be slowed by cold attacks.


Message History

* * * LOW HITPOINT WARNING * * *
The black bear barely misses you. The black bear claws you.
* * * LOW HITPOINT WARNING * * *
The black bear misses you. The black bear closely misses you.
The black bear claws you.
* * * LOW HITPOINT WARNING * * *
You see here 11 bolts.
You see here a +0 robe.
Casting: Magic Dart (safe; 3% risk of failure)
Confirm with . or Enter, or press ? or * to list all spells.
Aiming: Searing Ray (safe; 4% risk of failure)
Press: ? - help, Shift-Dir - straight line, f/p - black bear
Aim: a black bear (heavily wounded, 84% to hit)
The searing ray misses the black bear. (Press . to maintain the ray.)
The searing ray hits the black bear.
The black bear is severely wounded.
The black bear barely misses you. The black bear claws you.
* * * LOW HITPOINT WARNING * * *
The black bear claws you but does no damage.
Without enough magic to sustain it, your searing ray dissipates.
The black bear closely misses you.
The black bear claws you but does no damage.
The black bear completely misses you. The black bear bites you.
* * * LOW HITPOINT WARNING * * *
The black bear closely misses you. The black bear barely misses you.
There is a stone staircase leading down, spattered with blood here.
You see here 11 bolts.
Casting: Searing Ray (safe; 4% risk of failure)
Confirm with . or Enter, or press ? or * to list all spells.
Aiming: Searing Ray (safe; 4% risk of failure)
Press: ? - help, Shift-Dir - straight line, f/p - black bear
Aim: a black bear (heavily wounded, 84% to hit)
The searing ray misses the black bear. (Press . to maintain the ray.)
The black bear closely misses you. x3
Without enough magic to sustain it, your searing ray dissipates.
The black bear misses you. The black bear claws you.
You die...

#..######.#######
#...
##.##............
#.#
#.##.###.#######
.# #.##.# #.....#
#.##.# #####.#
#.##.# #[# #.##.#
#.# #.##.# ####.#
#.##.## #.@..#
#.....# #h####
####..# #(#
#..###.##
#..##...###
#..##.....#
#..##>..#.######
#......#........
##.###.#..######


You could see a black bear.

Vanquished Creatures
  2 adders
  A worm (D:2)
  A dart slug (D:1)
  An orc (D:3)
  4 ball pythons
  4 bats
  2 endoplasms
  2 giant cockroaches (D:2)
  2 goblins
  4 hobgoblins
  2 jackals (D:2)
  3 quokkas
  4 frilled lizards
  2 kobolds (D:2)
  2 rats
36 creatures vanquished.

Notes
Turn   | Place    | Note
-------+----------+-------------------------------------------
     0 | D:1      | Logoto the Draconian Conjurer began the quest for the Orb.
     0 | D:1      | Reached XP level 1. HP: 14/14 MP: 3/3
     8 | D:1      | You fall into a shaft and drop 1 floor!
   200 | D:2      | Reached skill level 1 in Fighting
   400 | D:2      | Reached XP level 2. HP: 23/23 MP: 3/5
   403 | D:2      | Learned a level 2 spell: Searing Ray
  1131 | D:2      | Reached XP level 3. HP: 26/28 MP: 2/6
  1164 | D:2      | Found a faded altar of an unknown god.
  1989 | D:3      | Found Wuiklol's Antique Armour Emporium.
  1989 | D:3      | Noticed a black bear
  2317 | D:3      | Slain by a black bear

Illustrated notes

Levels and vault maps discovered:
D:1:      matt_arrival_grand_opening, layout_rooms, minmay_misc_feat_five
D:2:      layout_loops_ring, nicolae_ecumenical_pavilion, minmay_misc_feat_doors
D:3:      layout_loops_ring, serial_shops, shop
D:4:      layout_loops_ring, minmay_temple_entry_nine_rooms,
          nrook_mini_backslash, uniq_ijyb, uniq_crazy_yiuf_cottage

Skill      XL: |  1  2 |
---------------+-------+-----
Fighting       | 1 |  1.6
Dodging        | 2 |  2.3
Short Blades   | |  0.8
Stealth        | |  1.9
Unarmed Combat | |  0.4
Spellcasting   | |  2.4
Conjurations   | |  4.3

Action                   || total
-------------------------++-------
Melee: Dagger            ||   114
       Unarmed           ||    14
       Tailslap          ||    12
       Punch             ||     2
 Cast: Magic Dart        ||    20
       Searing Ray       ||     8
 Stab: Sleeping          ||     1
Armor: Skin              ||    62
Dodge: Dodged            ||   136
